 Dungeon Crawl Stone Soup version 0.30.1-9-gdf580d7c3d (webtiles) character file.

Game seed: 11102820046295013194

45 KittyFluff the Trooper (level 3, 0/23 HPs)
             Began as a Gargoyle Berserker on Oct 20, 2023.
             Was a Follower of Trog.
             Slain by a hobgoblin (3 damage)
             ... led by Robin
             ... on level 2 of the Dungeon.
             The game lasted 00:04:02 (1080 turns).

KittyFluff the Trooper (Gargoyle Berserker)         Turns: 1080, Time: 00:04:03

Health: 0/23       AC:  8    Str: 22    XL:     3   Next: 64%
Magic:  3/3        EV: 11    Int:  7    God:    Trog [*.....]
Gold:   87         SH:  0    Dex:  9    Spells: 2/2 levels left

rFire   . . .        a - +0 mace
rCold   . . .        (no shield)
rNeg    + . .        h - +0 leather armour
rPois   ∞            (no helmet)
rElec   +            k - +1 cloak
rCorr   .            (no gloves)
SInv    .            (no boots)
Will    .....        (no amulet)
Stlth   +            (no ring)
HPRegen 0.23/turn    (no ring)
MPRegen 0.08/turn

%: no passive effects
@: on berserk cooldown, slowed, very slow
A: sickness immunity, AC +3, negative energy resistance 1, electricity
resistance, torment resistance 1, petrification resistance
a: Renounce Religion, Berserk


You were on level 2 of the Dungeon.
You worshipped Trog.
Trog was aware of your devotion.
You visited 1 branch of the dungeon, and saw 2 of its levels.

You collected 87 gold pieces.

Inventory:

Hand Weapons
 a - a +0 mace (weapon)
Missiles
 b - 2 boomerangs
 f - 5 javelins (quivered)
Armour
 h - a +0 leather armour (worn)
 j - +0 ice dragon scales
 k - a +1 cloak (worn)
Scrolls
 d - a scroll of identify {unknown}
 e - a scroll of vulnerability {unknown}
 g - a scroll of amnesia {unknown}
Potions
 c - a potion of lignification {unknown}
 i - a potion of cancellation {unknown}
 l - 2 potions of curing {unknown}


   Skills:
 + Level 3.6 Fighting
 * Level 3.5 Maces & Flails
 * Level 3.1 Armour
 + Level 1.9 Dodging


You had 2 spell levels left.
You didn't know any spells.
Your spell library was empty.

Dungeon Overview and Level Annotations

Branches:
Dungeon (2/15)

Altars:


Innate Abilities, Weirdness & Mutations

You are immune to sickness and miasma.
Your stone body is resilient. (AC +3)
You are immune to poison.
You resist negative energy. (rN+)
You are resistant to electric shocks. (rElec)
You are resistant to unholy torment.
You are immune to petrification.


Message History

You kill the hobgoblin!
Trog accepts your kill.
You closely miss Robin. Robin hits you but does no damage.
You hit Robin.
Robin is heavily wounded.
Robin closely misses you.
A hobgoblin comes into view.
You barely miss Robin.
Robin is heavily wounded.
You closely miss Robin.
Robin is heavily wounded.
The hobgoblin no longer looks unusually strong.
Robin roars a battlecry!
The hobgoblin goes into a battle-frenzy!
You hit Robin but do no damage.
Robin is heavily wounded.
Robin roars a battlecry!
The hobgoblin goes into a battle-frenzy!
You barely miss Robin.
Robin is heavily wounded.
Robin hits you with a +0 whip.
* * * LOW HITPOINT WARNING * * *
You thump Robin!
You kill Robin!
Trog accepts your kill.
Your Armour skill increases to level 3!
You completely miss the hobgoblin. You sock the hobgoblin!
You kill the hobgoblin!
Trog accepts your kill.
You thump the hobgoblin!
You kill the hobgoblin!
Trog accepts your kill.
You are no longer berserk.
You are exhausted.
You feel yourself slow down. The hobgoblin completely misses you.
Items here: ) [[ ††††.
You closely miss the hobgoblin. The hobgoblin closely misses you.
The hobgoblin hits you.
You die...

###############
#.@.).........#
##g###########.#####
#...g.g.g. #......
........#######
####### ######.## #.
#. #. ..


You could see a hobgoblin.

Vanquished Creatures
  Robin (D:2)
  A worm (D:2)
  A ball python (D:1)
  A bat (D:2)
  2 endoplasms
  A giant cockroach (D:1)
  5 goblins
  4 hobgoblins
  4 jackals (D:1)
  2 kobolds
  2 quokkas
  A frilled lizard (D:2)
  2 rats (D:1)
27 creatures vanquished.

Notes
Turn   | Place    | Note
-------+----------+-------------------------------------------
     0 | D:1      | KittyFluff the Gargoyle Berserker began the quest for the
                  | Orb.
     0 | D:1      | Reached XP level 1. HP: 14/14 MP: 1/1
   201 | D:1      | Reached XP level 2. HP: 14/19 MP: 2/2
   898 | D:2      | Reached XP level 3. HP: 23/23 MP: 3/3
  1048 | D:2      | Noticed Robin
  1075 | D:2      | Killed Robin
  1080 | D:2      | Slain by a hobgoblin

Illustrated notes

Levels and vault maps discovered:
D:1:      dpeg_arrival_signposts, layout_basic
D:2:      layout_loops_ring, nrook_uturn, uniq_robin

Skill      XL: |  1  2  3 |
---------------+----------+-----
Armour         | 3 |  3.1
Fighting       | |  3.6
Maces & Flails | |  3.5
Dodging        | |  1.9

Action                     || total
---------------------------++-------
  Melee: Mace              ||    85
 Invoke: Berserk           ||     1
 Armour: Animal skin       ||     4
         Leather armour    ||    30
  Dodge: Dodged            ||    53
